Map: [ESL] NeoHumanity

Players

PtitDrogo

  • Race: Protoss Protoss
  • Spawn Location: 11:00

Creator - Winner!

  • Race: Protoss Protoss
  • Spawn Location: 5:00

Event: ESL SC2 Masters 2023 Summer (Finals)

VOD

Have the link to the VOD?

Description

Time

  • Played on: June 16, 2023, 12:48 p.m.
  • Length: 6:09

All games in this series

Show
View Real Time Build Order
Export as new Build Order

PtitDrogo Protoss 

Build Orders: Oracle Opening 

Get SALT Encoding   

  12  0:00  Probe  
  13  0:12  Probe  
  14  0:17  Pylon  
  14  0:24  Probe (Chrono Boost)  
  15  0:36  Probe (Chrono Boost)  
  15  0:38  Gateway  
  16  0:45  Probe (Chrono Boost)  
  16  0:49  Assimilator  
  17  0:51  Probe  
  17  0:55  Assimilator  
  18  1:03  Probe (Chrono Boost)  
  19  1:09  Gateway  
  19  1:14  Probe (Chrono Boost)  
  20  1:18  Probe (Chrono Boost)  
  20  1:24  Cybernetics Core  
  21  1:31  Probe  
  22  1:34  Pylon  
  22  1:43  Probe  
  23  1:55  Probe  
  24  2:03  Adept  
  24  2:04  Adept, Warp Gate  
  24  2:07  Probe  
  29  2:16  Pylon  
  29  2:20  Probe  
  29  2:21  Shield Battery  
  30  2:37  Stargate  
  30  2:39  Stalker  
  30  2:42  Stalker  
  34  2:44  Probe  
  35  3:04  Nexus  
  35  3:07  Probe  
  36  3:19  Probe  
  35  3:20  Oracle (Chrono Boost)  
  36  3:31  Probe  
  36  3:33  Twilight Council  
  37  3:39  Pylon  
  37  3:43  Probe  
  38  3:55  Probe (Chrono Boost)  
  38  3:57  Adept x2  
  42  4:07  Probe (Chrono Boost)  
  43  4:16  Probe (Chrono Boost), Dark Shrine  
  45  4:18  Probe (Chrono Boost)  
  46  4:26  Probe x2 (Chrono Boost)  
  46  4:31  Probe (Chrono Boost)  
  46  4:34  Probe  
  46  4:36  Stalker x2  
  52  4:40  Assimilator  
  52  4:43  Probe  
  53  4:46  Probe  
  53  4:47  Shield Battery  
  54  4:55  Probe  
  55  5:02  Stalker x2  
  44  5:25  Probe  
  33  5:28  Dark Templar  
  33  5:30  Probe  
  33  5:33  Dark Templar  
  36  5:37  Probe  
  36  5:42  Probe (Chrono Boost)  
  34  5:49  Probe (Chrono Boost)  
  35  5:54  Probe (Chrono Boost)  
  34  5:59  Probe (Chrono Boost)  
  36  6:04  Pylon, Stalker x2  
Show
View Real Time Build Order
Export as new Build Order

Creator Protoss - Winner!

Build Orders: 1 Gate Expand 

Get SALT Encoding   

  12  0:00  Probe  
  13  0:12  Probe  
  14  0:18  Pylon  
  14  0:24  Probe (Chrono Boost)  
  15  0:37  Probe (Chrono Boost), Gateway  
  16  0:44  Probe (Chrono Boost)  
  16  0:45  Assimilator  
  17  0:51  Probe  
  18  1:03  Probe  
  19  1:15  Probe  
  20  1:23  Nexus  
  20  1:31  Cybernetics Core  
  20  1:34  Probe  
  20  1:39  Assimilator  
  21  1:46  Probe  
  22  1:49  Pylon  
  22  1:58  Probe  
  23  2:05  Stalker (Chrono Boost)  
  23  2:07  Warp Gate (Chrono Boost)  
  25  2:10  Probe  
  26  2:22  Probe  
  27  2:27  Pylon, Stalker (Chrono Boost)  
  29  2:34  Shield Battery  
  29  2:36  Probe  
  30  2:40  Probe  
  31  2:49  Probe  
  31  2:50  Stalker (Chrono Boost)  
  32  2:52  Probe  
  35  3:00  Gateway  
  35  3:05  Probe  
  36  3:07  Shield Battery  
  34  3:18  Stalker  
  34  3:22  Probe  
  34  3:23  Probe  
  35  3:29  Gateway  
  35  3:35  Probe x2  
  37  3:47  Probe x2  
  39  3:55  Stalker  
  41  3:57  Stalker  
  41  3:58  Pylon  
  41  4:00  Probe  
  44  4:06  Probe, Pylon  
  45  4:13  Probe  
  46  4:20  Gateway  
  46  4:21  Stalker x2  
  50  4:26  Stalker  
  50  4:31  Probe  
  51  4:38  Stalker  
  51  4:39  Probe  
  51  4:44  Stalker  
  56  4:47  Robotics Facility  
  56  4:50  Stalker  
  58  4:53  Pylon  
  58  4:57  Probe  
  56  5:10  Stalker  
  56  5:11  Stalker  
  56  5:13  Probe x2  
  62  5:16  Adept  
  60  5:21  Zealot  
  60  5:25  Probe x2  
  60  5:33  Adept  
  60  5:34  Observer (Chrono Boost)  
  61  5:42  Stalker  
  61  5:46  Probe x2  
  62  5:55  Stalker  
  62  5:57  Stalker  
  64  6:04  Zealot  
Tags
 
Add a new tag
Caveats
  • Supply blocks, unpowered buildings, or Contaminate may cause inaccurate times.
  • Supply counts are checked every 10 seconds.